 Dungeon Crawl Stone Soup version 0.26-a0-651-gb41185065b (webtiles) character file.

Game seed: 9483265743723619963

1194 kae the Ruffian (level 8, -10/64 HPs)
             Began as a Naga Transmuter on Oct 30, 2020.
             Mangled by a wight
             ... wielding a +4 great sword
              (14 damage)
             ... on level 6 of the Dungeon.
             The game lasted 00:06:57 (6849 turns).

kae the Ruffian (Naga Transmuter)                   Turns: 6849, Time: 00:06:57

Health: -10/64     AC:  4    Str: 14    XL:     8   Next: 43%
Magic:  0/11       EV:  9    Int: 15    God:
Gold:   227        SH:  0    Dex: 11    Spells: 2/11 levels left

rFire    . . .     SeeInvis +     - Unarmed
rCold    . . .     Faith    .   (shield currently unavailable)
rNeg     . . .     Spirit   +   a - +0 robe
rPois    +         Reflect  .   r - +1 hat
rElec    .         Harm     .   (no cloak)
rCorr    .         Rampage  .   (gloves currently unavailable)
MR       +....                  (no barding)
Stlth    +.........             j - amulet of guardian spirit
HPRegen  0.20/turn              (no ring)
MPRegen  0.12/turn              (no ring)

@: blade hands, drained, very slow
A: large, see invisible, deformed body, poison resistance, slowness 2, spit
poison 1, AC +2
a: Spit Poison, End Transformation


You were on level 6 of the Dungeon.
You had blades for hands.
You visited 2 branches of the dungeon, and saw 7 of its levels.

You collected 227 gold pieces.

Inventory:

Armour
 a - a +0 robe (worn)
 f - a +0 pair of gloves (melded)
 h - a +0 helmet
 r - a +1 hat (worn)
Jewellery
 e - an uncursed ring of fire
 j - an amulet of guardian spirit (around neck)
Wands
 p - a wand of flame (11)
Scrolls
 b - 2 scrolls of magic mapping
 c - 3 scrolls of enchant weapon
 i - a scroll of fog
 k - a scroll of teleportation
 o - 2 scrolls of remove curse
 s - 2 scrolls of identify
Potions
 d - 2 potions of might
 g - 2 potions of brilliance
 l - a potion of cancellation {unknown}
 m - 3 potions of curing
 n - a potion of mutation {unknown}
 q - a potion of resistance {unknown}


   Skills:
 - Level 1.0(0.3) Fighting
 - Level 1.5(0.9) Dodging
 + Level 7.6(6.8) Unarmed Combat
 - Level 2.0(1.3) Spellcasting
 + Level 7.2(6.4) Transmutations


You had 2 spell levels left.
You knew the following spells:

 Your Spells              Type           Power        Failure   Level
a - Beastly Appendage     Tmut           ###...       19%         1
b - Spider Form           Tmut/Pois      ##........   61%         3
c - Blade Hands           Tmut           ###.......   83%         5

Your spell library contained the following spells:

 Spells                   Type           Power        Failure   Level
 Wereblood                Tmut           ###.....     24%         2
 Ice Form                 Ice/Tmut       ##......     89%         4


Dungeon Overview and Level Annotations

Branches:
Dungeon (6/15)             Temple (1/1) D:4

Altars:
Ashenzari
Dithmenos
Elyvilon
Fedhas
Gozag
Hepliaklqana
Makhleb
Nemelex Xobeh
Okawaru
Qazlal
Trog
Uskayaw
Vehumet
Wu Jian
Xom
Yredelemnul
Zin
The Shining One

Annotations:
D:3 1 runed translucent door, loralnil's ghost, amateur GnTm


Innate Abilities, Weirdness & Mutations

You cannot wear boots.
Your serpentine skin is tough. (AC +2)
You have supernaturally acute eyesight. (SInv)
Armour fits poorly on your strangely shaped body.
Your system is resistant to poisons. (rPois)
You cover ground very slowly.
You can spit poison.


Message History

You feel drained. The wight barely misses you.
You slice the wight!!
You destroy the wight!
You slice the wight!!
You destroy the wight!
You barely miss the wight.
The wight hits you with a +4 great sword!
* * * LOW HITPOINT WARNING * * *
You barely miss the wight.
The gnoll hits you from afar with a +0 spear.
* * * LOW HITPOINT WARNING * * *
You feel better.
The wight hits you with a +4 great sword!
* * * LOW HITPOINT WARNING * * *
You feel drained.
* * * LOW HITPOINT WARNING * * *
The gnoll hits you but does no damage.
You hit the wight but do no damage.
The wight hits you with a +4 great sword!
You die...

## #....)....#...##..
..###...........#....#
............####..#.. .
#..........# #......
..###..........###......
........................
..........#.......#.....
.......................(
..####@###........[)...
#z# #.....>..)....
#hg..............<
ghJ##..>..........
.Z#.##..######..... ...
...... ##.... ....
...... #.<.## ..... ...
#...# ...... ....
#^...[.


You could see a jelly, a wight, 2 gnolls, a bullfrog zombie and 2 jackals.

Vanquished Creatures
  Edmund (D:5)
  2 ice beasts
  A centaur (D:2)
  A bullfrog (D:2)
  A scorpion (D:5)
  4 wights (D:6)
  An orc priest (D:6)
  An orc wizard (D:4)
  A centaur skeleton (D:5)
  An iguana (D:4)
  2 worker ants
  A hound zombie (D:6)
  A hound skeleton (D:4)
  A worker ant zombie (D:5)
  9 gnolls
  12 adders
  2 ufetubi (D:5)
  An ooze (D:2)
  2 worms
  13 dart slugs
  4 leopard geckos
  12 orcs
  5 giant cockroaches
  6 goblins
  12 hobgoblins
  5 jackals
  5 kobolds
  A quokka (D:4)
  2 ball pythons
  A ball python zombie (D:5)
  7 bats
  4 frilled lizards
  A quokka skeleton (D:4)
  10 rats
133 creatures vanquished.

Notes
Turn   | Place    | Note
-------+----------+-------------------------------------------
     0 | D:1      | kae the Naga Transmuter began the quest for the Orb.
     0 | D:1      | Reached XP level 1. HP: 18/18 MP: 3/3
   196 | D:1      | Reached XP level 2. HP: 25/25 MP: 3/5
  1024 | D:1      | Reached XP level 3. HP: 25/31 MP: 4/6
  1029 | D:1      | Learned a level 3 spell: Spider Form
  2032 | D:2      | Reached XP level 4. HP: 22/38 MP: 5/7
  2778 | D:2      | Noticed a bullfrog
  2779 | D:2      | Noticed a centaur
  3058 | D:2      | Reached XP level 5. HP: 43/44 MP: 4/8
  3373 | D:2      | Killed a centaur
  3373 | D:2      | Reached skill level 5 in Unarmed Combat
  3373 | D:2      | Reached XP level 6. HP: 13/51 MP: 5/9
  3856 | D:3      | Found a sparkling altar of Nemelex Xobeh.
  3931 | D:3      | Noticed loralnil's ghost (amateur GnTm)
  3932 | D:3      | Found a runed translucent door.
  4170 | D:3      | Reached skill level 5 in Transmutations
  4522 | D:4      | Noticed an ice beast
  4533 | D:4      | Killed an ice beast
  4533 | D:4      | Reached XP level 7. HP: 42/57 MP: 4/10
  4665 | D:4      | Found a staircase to the Ecumenical Temple.
  4697 | Temple   | Entered the Ecumenical Temple
  5356 | D:5      | Entered Level 5 of the Dungeon
  5924 | D:5      | Reached XP level 8. HP: 43/64 MP: 6/11
  6252 | D:5      | Noticed Edmund
  6260 | D:5      | Learned a level 5 spell: Blade Hands
  6268 | D:5      | Killed Edmund
  6849 | D:6      | Mangled by a wight

Illustrated notes

Levels and vault maps discovered:
D:1:      denvon_arrival_planthouse, layout_basic
D:2:      layout_loops_cross, minmay_divided_ellipse
D:3:      layout_rooms, ebering_ghost_sewer_d, corexii_shack,
          nemelex_xobeh_ov_fountains_minmay
D:4:      kennysheep_slugbush, layout_rooms, minmay_temple_entry_tees,
          minmay_misc_feat_hallway
D:5:      layout_rooms, lightli_corner_chamber, uniq_edmund
D:6:      layout_rooms, minitemple, basic_altar, cheibrodos_sewer_entry_sluice,
          uniq_blork_the_orc, uniq_sigmund
Temple:   nicolae_temple_no_exploring_needed

Skill      XL: |  1  2  3  4  5  6  7  8 |
---------------+-------------------------+-----
Transmutations | 3 4 5 6 7 |  7.2
Unarmed Combat | 4 5 6 7 |  7.6
Fighting       | |  1.0
Dodging        | |  1.5
Spellcasting   | |  2.0

Action                   |  1- 3 |  4- 6 |  7- 9 || total
-------------------------+-------+-------+-------++-------
Melee: Unarmed           |   109 |   169 |   145 ||   423
       Headbutt          |     7 |     3 |     1 ||    11
 Cast: Beastly Appendage |    20 |    11 |     4 ||    35
       Spider Form       |       |    13 |    13 ||    26
       Blade Hands       |       |       |     2 ||     2
 Abil: Spit Poison       |    10 |    11 |     2 ||    23
  Use: Potion            |     1 |     1 |     1 ||     3
       Scroll            |     3 |     5 |     2 ||    10
Armor: Robe              |    28 |    48 |    17 ||    93
       Skin              |       |     5 |     5 ||    10
Dodge: Dodged            |    90 |   150 |   124 ||   364

Table legend: (Time is in decaauts)
 A = Elapsed time spent in this place.
 B = Non-inter-level travel time spent in this place.
 C = Inter-level travel time spent in this place.
 D = Time resting spent in this place.
 E = Time spent auto-exploring this place.
 F = Levels seen in this place.
 G = Mean time per level.
                   A        B        C        D        E       F      G
               +--------+--------+--------+--------+--------+-----+--------+
         Total |   7806 |   7687 |    119 |    317 |   6239 |   7 | 1115.1 |
       Dungeon |   7799 |   7680 |    119 |    317 |   6239 |   6 | 1299.8 |
        Temple |      6 |      6 |      0 |      0 |      0 |   1 |    6.0 |
               +--------+--------+--------+--------+--------+-----+--------+

Top non-repeatable levels by time:
     D:2: 2294 daAuts
     D:1: 1826 daAuts
     D:5: 1348 daAuts
     D:4: 1054 daAuts
     D:3: 982 daAuts
     D:6: 293 daAuts
  Temple: 6 daAuts
